 Dungeon Crawl Stone Soup version 0.21.1-1-g345015f (webtiles) character file.

646 kaesh the Covered (level 7, 0/62 HPs)
             Began as a Minotaur Fighter on Feb 24, 2018.
             Slain by an ogre
             ... wielding a +0 giant club
              (16 damage)
             ... on level 5 of the Dungeon.
             The game lasted 00:11:46 (4077 turns).

kaesh the Covered (Minotaur Fighter)                Turns: 4077, Time: 00:11:47

Health: 0/62       AC:  8    Str: 22    XL:     7   Next: 27%
Magic:  15/15      EV:  7    Int:  5    God:
Gold:   173        SH: 10    Dex: 10    Spells: 6/6 levels left

rFire    + . .     SeeInvis .   a - +0 flail
rCold    + . .     Gourm    .   c - +0 shield
rNeg     . . .     Faith    +   b - +0 scale mail
rPois    .         Spirit   .   (helmet restricted)
rElec    .         Reflect  .   g - scarf {rC+ rF+}
rCorr    .         Harm     .   r - +0 pair of gloves
MR       .....                  (no boots)
Stlth    ..........             x - amulet of faith
HPRegen  0.20/turn              q - ring of magical power
MPRegen  0.14/turn              (no ring)

@: heavily drained
A: retaliatory headbutt, horns 2
a: no special abilities


You were on level 5 of the Dungeon.
You were very hungry.

You visited 1 branch of the dungeon, and saw 5 of its levels.

You collected 173 gold pieces.

Inventory:

Hand Weapons
 a - a +0 flail (weapon)
Armour
 b - a +0 scale mail (worn)
 c - a +0 shield (worn)
 g - a scarf of resistance (worn)
 r - a +0 pair of gloves (worn)
Jewellery
 q - a ring of magical power (left hand)
 x - an amulet of faith (around neck)
Scrolls
 h - 4 scrolls of remove curse {unknown}
 j - 2 scrolls of amnesia {unknown}
 l - 3 scrolls of identify {unknown}
 n - a scroll of noise {unknown}
 p - a scroll of immolation {unknown}
 s - a scroll of enchant weapon {unknown}
 t - 2 scrolls of fear {unknown}
Potions
 d - 3 potions of might
 e - a potion of flight {unknown}
 i - 5 potions of curing {unknown}
 k - a potion of degeneration {unknown}
 m - 4 potions of heal wounds {unknown}
 o - 2 potions of lignification {unknown}
 v - a potion of brilliance {unknown}
 w - 2 potions of haste {unknown}
Comestibles
 f - 6 rations


   Skills:
 + Level 5.9(4.7) Fighting
 + Level 5.2(4.0) Maces & Flails
 + Level 6.0(4.7) Armour
 + Level 5.9(4.7) Shields


You had 6 spell levels left.
You didn't know any spells.

Dungeon Overview and Level Annotations

Branches:
Dungeon (5/15)
 Temple: D:4-7

Altars:
Ashenzari
Ru
Trog
Uskayaw

Annotations:
D:4 Sigmund


Innate Abilities, Weirdness & Mutations

You reflexively headbutt those who attack you in melee.
You have a pair of horns on your head.


Message History

The ogre is moderately wounded.
You block the ogre's attack.
Your scale mail prevents you from hitting the ogre.
The ogre is moderately wounded.
The ogre barely misses you.
You barely miss the ogre.
The ogre is moderately wounded.
The ogre hits you with a giant club!!
You hit the ogre.
The ogre is heavily wounded.
The ogre hits you with a giant club!
* * * LOW HITPOINT WARNING * * *
You hit the ogre.
The ogre is severely wounded.
You block the ogre's attack.
You are feeling very hungry.
You barely miss the ogre. You headbutt the ogre!
The ogre is almost dead.
The ogre hits you with a giant club!
You die...

#### ... ###.##
....# # #..#.##.##
###.@Os.[...
..######...##......
..........## ##.?.
.>######..# #
#<.#######
#.....?...
#.#######. #.# #.#


You could see an ogre and a giant cockroach.

Vanquished Creatures
  Duvessa (D:5)
  An ogre (D:4)
  Dowan (D:5)
  The ghost of kaesh the Cudgeler, a weakling TrMo (D:3)
  An orc priest (D:3)
  A worker ant (D:4)
  4 orc wizards
  Robin (D:3)
  8 adders
  An adder zombie (D:5)
  A worm (D:2)
  3 dart slugs (D:1)
  4 leopard geckos
  10 orcs
  2 ball pythons
  6 bats
  2 giant cockroaches
  12 goblins
  9 hobgoblins
  4 jackals (D:4)
  3 kobolds
  A quokka (D:4)
  6 frilled lizards
  9 rats
92 creatures vanquished.

Notes
Turn   | Place    | Note
-------+----------+-------------------------------------------
     0 | D:1      | kaesh the Minotaur Fighter began the quest for the Orb.
     0 | D:1      | Reached XP level 1. HP: 19/19 MP: 0/0
    72 | D:1      | Reached XP level 2. HP: 21/27 MP: 1/1
   316 | D:1      | Reached skill level 4 in Armour
   537 | D:1      | Reached XP level 3. HP: 31/33 MP: 2/2
  1294 | D:2      | Found a sacrificial altar of Ru.
  1410 | D:2      | Found a shattered altar of Ashenzari.
  1783 | D:2      | Reached XP level 4. HP: 41/41 MP: 3/3
  1930 | D:3      | Noticed kaesh's ghost (weakling TrMo)
  1944 | D:3      | Killed kaesh's ghost
  2249 | D:3      | Reached XP level 5. HP: 47/47 MP: 4/4
  2372 | D:3      | Reached skill level 5 in Fighting
  2372 | D:3      | Reached skill level 5 in Armour
  2377 | D:3      | Reached skill level 5 in Shields
  2608 | D:3      | Found a shattered altar of Ashenzari.
  2611 | D:3      | Found a bloodstained altar of Trog.
  2697 | D:3      | Noticed Robin
  2706 | D:3      | Killed Robin
  2979 | D:4      | Reached XP level 6. HP: 56/56 MP: 5/5
  3710 | D:4      | Found a hide-covered altar of Uskayaw.
  3781 | D:4      | Noticed Sigmund
  3806 | D:5      | Entered Level 5 of the Dungeon
  3806 | D:5      | Noticed Duvessa
  3806 | D:5      | Noticed Dowan
  3818 | D:5      | Killed Duvessa
  3818 | D:5      | Reached skill level 5 in Maces & Flails
  3818 | D:5      | Reached XP level 7. HP: 13/62 MP: 6/6
  3827 | D:5      | Killed Dowan
  3827 | D:5      | Reached skill level 6 in Armour
  4077 | D:5      | Slain by an ogre

Skill      XL: |  1  2  3  4  5  6  7 |
---------------+----------------------+-----
Armour         | 4 5 6 |  6.0
Fighting       | 4 5 |  5.9
Maces & Flails | 3 4 5 |  5.2
Shields        | 4 5 |  5.9

Action                   |  1- 3 |  4- 6 |  7- 9 || total
-------------------------+-------+-------+-------++-------
Melee: Flail             |    97 |   174 |    15 ||   286
       Headbutt          |     9 |    32 |     2 ||    43
  Eat: Chunk             |     3 |     3 |       ||     6
       Ration            |       |     1 |       ||     1
Armor: Scale mail        |    35 |    61 |    11 ||   107
Dodge: Dodged            |    20 |    41 |     7 ||    68
Block: Shield            |    54 |    77 |     6 ||   137
